 Dungeon Crawl Stone Soup version 0.30-a0-923-g828ccac5a3 (webtiles) character file.

Game seed: 11222579827727792625

9409 Ijustatesigmund the Thaumaturge (level 11, -11/61 HPs)
             Began as a Deep Elf Conjurer on Mar 22, 2023.
             Was an Elder of Vehumet.
             Mangled by a death yak (17 damage)
             ... on level 8 of the Dungeon.
             The game lasted 00:30:58 (13977 turns).

Ijustatesigmund the Thaumaturge (DECj)             Turns: 13977, Time: 00:30:59

Health: -11/61     AC: 10    Str:  4    XL:     11   Next: 22%
Magic:  9/38       EV: 19    Int: 30    God:    Vehumet [****..]
Gold:   584        SH:  0    Dex: 13    Spells: 15/30 levels left

rFire   + + .      SeeInvis .    y - +0 longbow (heavy)
rCold   . . .      Faith    .    (shield currently unavailable)
rNeg    . . .      Spirit   .    z - +1 leather armour "Ostuc" {rF++ Int+2}
rPois   .          Reflect  .    (helmet restricted)
rElec   .          Rampage  .    (no cloak)
rCorr   .                        r - +0 pair of gloves
Will    +....                    c - +1 pair of boots
Stlth   ++                       (no amulet)
HPRegen 0.30/turn                e - +5 ring of evasion
MPRegen 0.26/turn                l - ring of magical power

@: about to teleport
A: horns 1, iridescent scales 1, high MP 1, shaggy fur 1
a: Renounce Religion


You were on level 8 of the Dungeon.
You worshipped Vehumet.
Vehumet was greatly pleased with you.
You visited 2 branches of the dungeon, and saw 12 of its levels.

You collected 584 gold pieces.

Inventory:

Hand Weapons
 w - a +0 sling of flaming
 y - a +0 heavy longbow (weapon)
Armour
 c - a +1 pair of boots (worn)
 r - a +0 pair of gloves (worn)
 s - a +2 helmet
 t - +0 acid dragon scales
 z - the +1 leather armour "Ostuc" (worn) {rF++ Int+2}
   (You found it on level 8 of the Dungeon)

   Int:       It affects your intelligence (+2).
   rF:        It greatly protects you from fire.
Jewellery
 e - a +5 ring of evasion (left hand)
 l - a ring of magical power (right hand)
 p - the ring "Coihejod" {Ice Fly rPois Int-3}
   (You took it off an orc on level 5 of the Dungeon)

   [ring of ice]

   It enhances your ice magic.
   Int:       It affects your intelligence (-3).
   rF:        It makes you vulnerable to fire.
   rC:        It protects you from cold.
   rPois:     It protects you from poison.
   Fly:       It grants you flight.
 v - a ring of protection from fire
 A - a ring of positive energy
 E - a ring of protection from fire
Wands
 g - a wand of mindburst (6)
 u - a wand of charming (7)
 x - a wand of flame (8)
 D - a wand of iceblast (5)
Scrolls
 i - 6 scrolls of magic mapping
 n - a scroll of teleportation
 B - a scroll of amnesia
Potions
 a - a potion of brilliance {unknown}
 b - 2 potions of magic
 d - 5 potions of attraction
 f - 2 potions of lignification
 h - 2 potions of berserk rage {unknown}
 j - 5 potions of curing
 k - 3 potions of mutation
 m - 2 potions of ambrosia {unknown}
 o - 2 potions of might {unknown}
 q - 2 potions of degeneration {unknown}
 C - a potion of flight {unknown}


   Skills:
 - Level 4.1 Fighting
 + Level 9.1 Ranged Weapons
 - Level 1.6 Armour
 + Level 8.1 Dodging
 - Level 2.4 Stealth
 - Level 10.0 Spellcasting
 - Level 9.2 Conjurations
 - Level 7.6 Translocations
 - Level 2.7 Ice Magic
 + Level 5.3 Evocations


You had 15 spell levels left.
You knew the following spells:

 Your Spells              Type           Power      Damage    Failure   Level
a - Magic Dart            Conj           100%       1d8       1%          1
b - Searing Ray           Conj           100%       2d8       1%          2
c - Iskenderun's Mystic   Conj/Tloc      60%        2d13      1%          4
d - Hailstorm             Conj/Ice       50%        3d11      1%          3
e - Blink                 Tloc           100%       N/A       1%          2
f - Ignite Poison         Fire/Tmut/Pois 15%        N/A       5%          3

Your spell library contained the following spells:

 Spells                   Type           Power      Damage    Failure   Level
 Lee's Rapid Deconstruct  Erth           7%         3d7*      38%         5
 Lesser Beckoning         Tloc           100%       N/A       1%          2
 Momentum Strike          Conj/Tloc      100%       3d10      1%          2
 Dazzling Flash           Conj/Hex       84%        N/A       1%          3
 Mephitic Cloud           Conj/Pois/Air  33%        N/A       1%          3
 Fulminant Prism          Conj/Hex       21%        3d12      2%          4
 Vhi's Electric Charge    Tloc/Air       74%        N/A       3%          3
 Ensorcelled Hibernation  Hex/Ice        46%        N/A       5%          2
 Inner Flame              Hex/Fire       15%        N/A       5%          3
 Arcjolt                  Conj/Air       21%        1d31      7%          5
 Call Imp                 Summ           15%        N/A       9%          2
 Spider Form              Tmut/Pois      15%        N/A       19%         3
 Anguish                  Hex/Necr       7%         N/A       52%         4
 Cause Fear               Hex            7%         N/A       52%         4
 Discord                  Hex            7%         N/A       100%        8
 Maxwell's Capacitive Co  Air            7%         ∞         100%        8


Dungeon Overview and Level Annotations

Branches:
Dungeon (11/15)            Temple (0/1) D:6            Lair (1/5) D:8
    Orc: D:9-12

Altars:
Cheibriados
Nemelex Xobeh
Ru
Sif Muna
Trog
Vehumet
Zin
The Shining One

Shops:
D:10 [


Innate Abilities, Weirdness & Mutations

You have a pair of small horns on your head.
You are partially covered in iridescent scales. (AC +2)
You have an increased reservoir of magic. (+10% MP)
You are covered in fur. (AC +1)


Message History

The death yak is severely wounded.
The death yak is knocked back by the mystic blast.
The mystic blast hits the death yak.
The death yak is heavily wounded.
The death yak is knocked back by the mystic blast.
The death yak collides with the death yak!
The death yak is moderately wounded.
The death yak misses you.
Casting: Iskenderun's Mystic Blast (dangerous; 1% risk of failure)
Confirm with . or Enter, or press ? or * to list all spells.
You erupt in a blast of force!
The mystic blast hits the death yak.
The death yak is severely wounded.
The death yak is knocked back by the mystic blast.
The mystic blast hits the death yak!
The death yak is moderately wounded.
The mystic blast hits the death yak!
The death yak is severely wounded.
The death yak is knocked back by the mystic blast.
The death yak collides with the death yak!
The death yak is heavily wounded.
The death yak misses you.
Casting: Iskenderun's Mystic Blast (dangerous; 1% risk of failure)
Confirm with . or Enter, or press ? or * to list all spells.
You erupt in a blast of force!
The mystic blast hits the death yak.
The death yak is heavily wounded.
The death yak is knocked back by the mystic blast.
The mystic blast hits the death yak.
The death yak is severely wounded.
The death yak gores you!!
* * * LOW HITPOINT WARNING * * *
The death yak gores you.
* * * LOW HITPOINT WARNING * * *
Okay, then.
Casting: Iskenderun's Mystic Blast (dangerous; 1% risk of failure)
Confirm with . or Enter, or press ? or * to list all spells.
You blink.
As you read the scroll of teleportation, it crumbles to dust.
You feel strangely unstable. The death yak attacks as you move away!
The death yak gores you!
You die...

.[.).(.......÷.....♣.######.#
####........>♣..............#
##..♣............######..#
#...............# #..#
##♣............## #..#
#.............# #..#
##....P......## #..#
########......♣..#########..#
#...............@...........#
...........#####Y#########.##
#.######.#.# #............#
#.# #.#.# #..#########.#
#.######.#.# #.Y###### #.#
.........#.# #.Y.....# #.#
#..#.#####.# #.#####.# #.#
##.#.### #.# #.# #.# #.#
.......# #.# #.# #.# #.#


You could see 3 death yaks.

Vanquished Creatures
  A death yak (D:8)
  A two-headed ogre (D:8)
  Sonja (D:10)
  A cyclops (D:9)
  3 trolls (D:10)
  3 wyverns
  A vampire (D:9)
  A basilisk (D:8)
  15 yaks
  A steam dragon (D:8)
  Menkaure (D:5)
  5 water moccasins
  3 acid dragons
  A black bear (D:6)
  3 ice beasts (D:6)
  3 orc warriors
  A sky beast (D:8)
  3 ogres
  2 kobold brigands
  5 bullfrogs
  3 scorpions
  A howler monkey (D:5)
  A jelly (D:4)
  2 quasits (D:5)
  6 orc priests
  3 hounds
  3 orc wizards
  6 iguanas
  Terence (D:2)
  13 gnolls
  6 adders
  6 shadow imps
  2 white imps (D:6)
  3 ufetubi
  A worm (D:3)
  4 dart slugs
  39 orcs
  6 bats
  11 endoplasms
  5 giant cockroaches
  7 goblins
  4 hobgoblins
  6 jackals
  18 kobolds
  3 quokkas
  12 ball pythons
  A frilled lizard (D:1)
  A rat (D:3)
229 creatures vanquished.

Vanquished Creatures (others)
  A wizard (D:9)
  A wyvern (D:8)
  A yak (D:8)
  An orc priest (D:8)
  An orc (D:8)
  10 demonic plants (D:5)
  5 fungi (D:8)
  16 plants (D:8)
36 creatures vanquished.

Grand Total: 265 creatures vanquished

Notes
Turn   | Place    | Note
-------+----------+-------------------------------------------
     0 | D:1      | Ijustatesigmund the Deep Elf Conjurer began the quest for
                  | the Orb.
     0 | D:1      | Reached XP level 1. HP: 10/10 MP: 6/6
    84 | D:1      | Found a faded altar of an unknown god.
   181 | D:1      | Reached XP level 2. HP: 9/15 MP: 3/8
   184 | D:1      | Learned a level 2 spell: Searing Ray
   764 | D:1      | Reached skill level 4 in Spellcasting
   928 | D:2      | Reached skill level 5 in Conjurations
   928 | D:2      | Reached XP level 3. HP: 19/19 MP: 7/10
  1240 | D:2      | Reached XP level 4. HP: 24/24 MP: 3/12
  1653 | D:2      | Noticed Terence
  1661 | D:2      | Killed Terence
  1662 | D:2      | Reached skill level 5 in Spellcasting
  2074 | D:2      | Reached XP level 5. HP: 28/28 MP: 10/14
  2388 | D:3      | Learned a level 4 spell: Iskenderun's Mystic Blast
  2428 | D:3      | Found a radiant altar of Vehumet.
  2442 | D:3      | Became a worshipper of Vehumet
  3222 | D:3      | Reached skill level 1 in Translocations
  3480 | D:4      | Reached XP level 6. HP: 32/32 MP: 16/16
  3613 | D:4      | Reached skill level 6 in Spellcasting
  4032 | D:5      | Entered Level 5 of the Dungeon
  4040 | D:5      | Reached * piety under Vehumet
  4040 | D:5      | Offered knowledge of Sandblast by Vehumet.
  4042 | D:5      | Noticed a water moccasin
  4048 | D:5      | Killed a water moccasin
  4340 | D:5      | Reached XP level 7. HP: 26/36 MP: 18/18
  4489 | D:5      | Noticed Menkaure
  4496 | D:5      | HP: 2/54 [something (8)]
  4498 | D:5      | Killed Menkaure
  4680 | D:5      | Reached skill level 7 in Spellcasting
  4680 | D:5      | Reached skill level 5 in Translocations
  5043 | D:5      | Identified the ring "Coihejod" {Ice Fly rPois Int-3}
  5272 | D:5      | Reached XP level 8. HP: 41/41 MP: 21/21
  5623 | D:6      | Found a staircase to the Ecumenical Temple.
  5676 | D:6      | Reached skill level 8 in Spellcasting
  6172 | D:6      | Found a glowing silver altar of Zin.
  6366 | D:6      | Found a glowing golden altar of the Shining One.
  6369 | D:6      | Found a shimmering blue altar of Sif Muna.
  6536 | D:6      | Reached ** piety under Vehumet
  6569 | D:6      | Reached skill level 1 in Evocations
  6570 | D:6      | Found a snail-covered altar of Cheibriados.
  6579 | D:6      | Offered knowledge of Static Discharge by Vehumet.
  6660 | D:6      | Found a sacrificial altar of Ru.
  6918 | D:6      | Reached skill level 1 in Fighting
  7459 | D:6      | Gained mutation: You have a pair of small horns on your
                  | head. [potion of mutation]
  7459 | D:6      | Gained mutation: You have an increased reservoir of magic.
                  | (+10% MP) [potion of mutation]
  7459 | D:6      | Gained mutation: You are partially covered in iridescent
                  | scales. (AC +2) [potion of mutation]
  7459 | D:6      | Gained mutation: You are covered in fur. (AC +1) [potion of
                  | mutation]
  7529 | D:7      | Reached XP level 9. HP: 35/47 MP: 25/25
  8065 | D:7      | Reached skill level 1 in Ranged Weapons
  8749 | D:8      | Noticed a two-headed ogre
  8759 | D:8      | Killed a two-headed ogre
  8760 | D:8      | Reached skill level 5 in Ranged Weapons
  8760 | D:8      | Reached skill level 5 in Dodging
  9033 | D:7      | Reached XP level 10. HP: 32/56 MP: 22/27
  9323 | D:8      | Reached skill level 9 in Spellcasting
  9386 | D:8      | Offered knowledge of Hailstorm by Vehumet.
  9555 | D:8      | Learned a level 3 spell: Hailstorm
  9789 | D:8      | Reached skill level 1 in Ice Magic
 10013 | D:8      | Found a staircase to the Lair.
 10019 | D:8      | Identified the +1 leather armour "Ostuc" {rF++ Int+2}
 10202 | D:8      | Reached *** piety under Vehumet
 10436 | D:8      | Found a sparkling altar of Nemelex Xobeh.
 10919 | D:9      | Reached skill level 1 in Armour
 10960 | D:9      | Noticed a cyclops
 10970 | D:9      | Killed a cyclops
 10971 | D:9      | Reached skill level 10 in Spellcasting
 11323 | D:9      | Learned a level 2 spell: Blink
 11634 | D:9      | Found a bloodstained altar of Trog.
 11724 | D:9      | Noticed a wizard
 11727 | D:9      | Killed a wizard
 11773 | D:10     | Entered Level 10 of the Dungeon
 11792 | D:10     | Offered knowledge of Ignite Poison by Vehumet.
 11972 | D:10     | Learned a level 3 spell: Ignite Poison
 11979 | D:10     | Noticed a two-headed ogre
 12222 | D:10     | Reached XP level 11. HP: 55/61 MP: 29/29
 12226 | D:10     | Reached **** piety under Vehumet
 12229 | D:10     | Offered knowledge of Lee's Rapid Deconstruction by Vehumet.
 12479 | D:10     | Noticed Sonja
 12662 | D:10     | Found Abiaqasami's Antique Armour Shoppe.
 12705 | D:10     | Killed Sonja
 12751 | D:10     | Reached skill level 5 in Evocations
 13001 | D:11     | Noticed a boulder beetle
 13349 | Lair:1   | Entered Level 1 of the Lair of Beasts
 13349 | Lair:1   | Noticed a death yak
 13349 | Lair:1   | Noticed a death yak
 13349 | Lair:1   | Noticed a death yak
 13349 | Lair:1   | Noticed a death yak
 13350 | Lair:1   | Noticed a death yak
 13369 | D:8      | Killed a death yak
 13977 | D:8      | Mangled by a death yak

Illustrated notes

Levels and vault maps discovered:
D:1:      minmay_arrival_diagonal_passages, layout_rooms,
          basic_ecumenical_altar, serial_corexii_hall, corexii_hall_statues_s,
          corexii_hall_statues_l, solitary_fountain,
          chequers_serial_rivers_marsh
D:2:      layout_rooms, grunt_decor_one_mirror, uniq_terence
D:3:      layout_loops_ring, amcnicky_altar_gilded
D:4:      layout_rooms
D:5:      layout_loops_ring, serial_demonic, serial_demonic_e, serial_demonic_e,
          serial_demonic_e, serial_demonic_g, uniq_menkaure
D:6:      layout_loops_ring, lemuel_doored_altar,
          nicolae_overflow_hidden_temple, kennysheep_slug_shrine,
          minmay_temple_entry_grid, minmay_crossroads
D:7:      layout_cave_pools, serial_column_ruins, column_ruins_grid_5,
          column_ruins_hut_ruined, column_ruins_corridor_T,
          column_ruins_corridor_dead_end, column_ruins_columns_corner,
          column_ruins_open_tiny_water, chequers_mini_garden
D:8:      layout_loops_ring, mainiacjoe_overflow_paths, minmay_lair_entry_grove,
          serial_park_tiny_2
D:9:      layout_basic, trog_wizard
D:10:     layout_long_grid, special_room [special_room_orc], serial_shops,
          nicolae_shop_behind_doors, chequers_serial_rivers_room_b,
          nicolae_fountain_basement, uniq_sonja
D:11:     layout_loops_corners, kennysheep_small_square
Lair:1:   gammafunk_cloud_chamber, layout_cave_shapes, dreamdust_wasp_nest,
          uniq_gastronok

Skill      XL: |  1  2  3  4  5  6  7  8  9 10 11 |
---------------+----------------------------------+-----
Spellcasting   | 4 5 6 7 8 10 | 10.0
Conjurations   | 5 6 7 8 9 |  9.2
Translocations | 2 4 5 7 |  7.6
Evocations     | 2 4 5 |  5.3
Fighting       | 1 4 |  4.1
Ranged Weapons | 6 8 9 |  9.1
Dodging        | 6 7 8 |  8.1
Ice Magic      | 2 |  2.7
Armour         | 1 |  1.6
Stealth        | |  2.4

Action                     |  1- 3 |  4- 6 |  7- 9 | 10-12 || total
---------------------------+-------+-------+-------+-------++-------
  Melee: Spear             |     9 |     1 |     3 |       ||    13
         Halberd           |       |       |    11 |       ||    11
   Fire: Sling             |       |       |     8 |       ||     8
         Longbow           |       |       |     4 |   116 ||   120
   Cast: Magic Dart        |    43 |   107 |    79 |       ||   229
         Searing Ray       |     3 |    22 |    35 |     2 ||    62
         Iskenderun's Myst |       |       |    40 |    67 ||   107
         Hailstorm         |       |       |       |     3 ||     3
         Blink             |       |       |       |     2 ||     2
  Evoke: Wand              |       |       |     3 |    10 ||    13
    Use: Scroll            |       |    12 |     4 |     4 ||    20
         Potion            |       |       |     3 |     3 ||     6
   Stab: Sleeping          |       |     1 |       |       ||     1
 Armour: Robe              |     1 |     1 |    11 |     1 ||    14
         Skin              |       |       |     1 |       ||     1
         Leather armour    |       |       |       |    12 ||    12
  Dodge: Dodged            |     8 |    19 |    58 |    53 ||   138

Table legend: (Time is in decaauts)
 A = Elapsed time spent in this place.
 B = Non-inter-level travel time spent in this place.
 C = Inter-level travel time spent in this place.
 D = Time resting spent in this place.
 E = Time spent auto-exploring this place.
 F = Levels seen in this place.
 G = Mean time per level.
                   A        B        C        D        E       F      G
               +--------+--------+--------+--------+--------+-----+--------+
         Total |  14089 |  13698 |    391 |   6125 |   6011 |  12 | 1174.1 |
       Dungeon |  14083 |  13693 |    390 |   6125 |   6011 |  11 | 1280.3 |
          Lair |      6 |      6 |      0 |      0 |      0 |   1 |    6.0 |
               +--------+--------+--------+--------+--------+-----+--------+

Top non-repeatable levels by time:
     D:6: 2270 daAuts
     D:8: 2268 daAuts
    D:10: 1593 daAuts
     D:5: 1526 daAuts
     D:7: 1275 daAuts
     D:2: 1214 daAuts
     D:9: 1095 daAuts
     D:3: 1071 daAuts
     D:1: 1065 daAuts
     D:4: 686 daAuts
    D:11: 14 daAuts
  Lair:1: 6 daAuts
